AA SOUTH
MONTGOMERY BISCUITS @ JACKSON GENERALS
08/03/2041
 
TOP OF THE 1ST
Montgomery Biscuits batting - Pitching for Jackson Generals : RHP Tim Cox
Pitching: RHP Tim Cox
Batting: LHB José Árias 0-0: Swinging Strike
0-1: Foul Ball, location: 5SF
0-2: Fly out, F8 (Flyball, 8LXD, EV 96.9 MPH)
Batting: SHB António Cisneros 0-0: Ball
1-0: SOLO HOME RUN (Flyball, 9LD, EV 89.4 MPH), Distance : 347 ft
Batting: LHB Dan Jones 0-0: Ground out 4-3 (Groundball, 4, EV 105.6 MPH)
Batting: RHB Bob Lee 0-0: Called Strike
0-1: Foul Ball, location: 7LSF
0-2: Ball
1-2: Ground out 4-3 (Groundball, 4M, EV 83.8 MPH)
Top of the 1st over - 1 run, 1 hit, 0 errors, 0 left on base; Montgomery 1 - Jackson 0
BOTTOM OF THE 1ST
Jackson Generals batting - Pitching for Montgomery Biscuits : LHP Juan Cruz
Pitching: LHP Juan Cruz
Batting: RHB José Prieto 0-0: Ball
1-0: Ball
2-0: Ball
3-0: Called Strike
3-1: Called Strike
3-2: Foul Ball, location: 2F
3-2: Base on Balls
Batting: RHB Dave Bailey 0-0: Ball
1-0: Called Strike
1-1: Ball
2-1: Called Strike
2-2: Fly out, F8 (Flyball, 8LM, EV 88.1 MPH)
Batting: SHB Walt Howell 0-0: Ball
José Prieto is caught stealing 2nd base 2-4
1-0: Ball
2-0: SINGLE (Groundball, 34D, EV 106.3 MPH)
Batting: RHB Raúl Hernández 0-0: Ball
1-0: Ball
2-0: Called Strike
2-1: Called Strike
2-2: TRIPLE (Line Drive, 78XD, EV 101.9 MPH)
Walt Howell scores
Batting: LHB Randy Parker 0-0: Ball
1-0: Ball
2-0: Called Strike
2-1: Ground out 3-1 (Groundball, 13, EV 80.6 MPH)
Bottom of the 1st over - 1 run, 2 hits, 0 errors, 1 left on base; Montgomery 1 - Jackson 1
TOP OF THE 2ND
Montgomery Biscuits batting - Pitching for Jackson Generals : RHP Tim Cox
Batting: RHB Mike Jordan 0-0: Ball
1-0: Ball
2-0: Ball
3-0: Called Strike
3-1: Foul Ball, location: 5SF
3-2: Base on Balls
Batting: RHB Doug Wilkinson 0-0: Called Strike
0-1: Swinging Strike
0-2: Ball
1-2: Grounds into double play, 3-6-3 (Groundball, 34, EV 110.6 MPH)
Batting: RHB Pete Davis 0-0: SOLO HOME RUN (Flyball, 78XD, EV 109.4 MPH), Distance : 416 ft
Batting: RHB Wes Sargent 0-0: Foul Ball, location: 5FF
0-1: Foul Ball, location: 2F
0-2: Ball
1-2: Ball
2-2: Foul Ball, location: 25F
2-2: Fly out, F8 (Flyball, 8LD, EV 79.4 MPH)
Top of the 2nd over - 1 run, 1 hit, 0 errors, 0 left on base; Montgomery 2 - Jackson 1
BOTTOM OF THE 2ND
Jackson Generals batting - Pitching for Montgomery Biscuits : LHP Juan Cruz
Batting: RHB Jeremy McCord 0-0: Ball
1-0: SINGLE (Line Drive, 3D, EV 94.4 MPH)
Batting: SHB Juan Santos 0-0: Bunted foul
0-1: Bunted foul
0-2: Ball
1-2: Foul Ball, location: 2F
1-2: Ball
2-2: Foul Ball, location: 2F
2-2: Fly out, F9 (Flyball, 9S, EV 71.9 MPH)
Batting: LHB Clancy Somerville 0-0: Called Strike
0-1: Ball
1-1: Called Strike
1-2: Foul Ball, location: 7LMF
1-2: Foul Ball, location: 2F
1-2: SINGLE (Line Drive, 4MD, EV 106.9 MPH)
Jeremy McCord to second
Batting: LHB Chris Lawson 0-0: Fly out, F7 (Flyball, 7LM, EV 93.1 MPH)
Batting: RHB José Prieto 0-0: Ground out U3 (Groundball, 23, EV 83.1 MPH)
Bottom of the 2nd over - 0 runs, 2 hits, 0 errors, 2 left on base; Montgomery 2 - Jackson 1
TOP OF THE 3RD
Montgomery Biscuits batting - Pitching for Jackson Generals : RHP Tim Cox
Batting: RHB Eric Hodges 0-0: Ball
1-0: Called Strike
1-1: Called Strike
1-2: Strikes out swinging
Batting: LHB José Árias 0-0: Ball
1-0: Ground out 5-3 (Groundball, 5L, EV 94.4 MPH)
Batting: SHB António Cisneros 0-0: Called Strike
0-1: Swinging Strike
0-2: Strikes out swinging
Top of the 3rd over - 0 runs, 0 hits, 0 errors, 0 left on base; Montgomery 2 - Jackson 1
BOTTOM OF THE 3RD
Jackson Generals batting - Pitching for Montgomery Biscuits : LHP Juan Cruz
Batting: RHB Dave Bailey 0-0: Ball
1-0: Called Strike
1-1: Ball
2-1: Ground out 6-3 (Groundball, 6, EV 87.5 MPH)
Batting: SHB Walt Howell 0-0: Ball
1-0: Foul Ball, location: 5F
1-1: Called Strike
1-2: Strikes out looking
Batting: RHB Raúl Hernández 0-0: DOUBLE (Flyball, 78XD, EV 93.8 MPH)
Batting: LHB Randy Parker 0-0: Ball
1-0: Ball
2-0: Foul Ball, location: 2F
2-1: Ball
3-1: Called Strike
3-2: Base on Balls
Batting: RHB Jeremy McCord 0-0: Ball
1-0: Ball
2-0: Ball
3-0: Called Strike
3-1: Base on Balls
Raúl Hernández to third
Randy Parker to second
Batting: SHB Juan Santos 0-0: Called Strike
0-1: Foul Ball, location: 7LMF
0-2: Strikes out looking
Bottom of the 3rd over - 0 runs, 1 hit, 0 errors, 3 left on base; Montgomery 2 - Jackson 1
TOP OF THE 4TH
Montgomery Biscuits batting - Pitching for Jackson Generals : RHP Tim Cox
Batting: LHB Dan Jones 0-0: Ball
1-0: Ball
2-0: Fly out, F8 (Flyball, 78D, EV 96.9 MPH)
Batting: RHB Bob Lee 0-0: Ground out 6-3 (Groundball, 56, EV 103.1 MPH)
Batting: RHB Mike Jordan 0-0: Ball
1-0: Called Strike
1-1: SINGLE (Groundball, 6MD, EV 96.3 MPH)
Batting: RHB Doug Wilkinson 0-0: Ball
1-0: Called Strike
1-1: Ball
2-1: Swinging Strike
Passed Ball!
Mike Jordan to second
2-2: Strikes out looking
Top of the 4th over - 0 runs, 1 hit, 0 errors, 1 left on base; Montgomery 2 - Jackson 1
BOTTOM OF THE 4TH
Jackson Generals batting - Pitching for Montgomery Biscuits : LHP Juan Cruz
Batting: LHB Clancy Somerville 0-0: Ball
1-0: Ground out 4-3 (Groundball, 4, EV 85.6 MPH)
Batting: LHB Chris Lawson 0-0: Called Strike
0-1: Swinging Strike
0-2: DOUBLE (Line Drive, 7LS, EV 104.4 MPH)
Batting: RHB José Prieto 0-0: Ball
1-0: Ball
2-0: Ball
3-0: Base on Balls
Batting: RHB Dave Bailey 0-0: Fly out, F3 (Popup, 34, EV 60.0 MPH)
Batting: SHB Walt Howell 0-0: Ball
Wild Pitch!
Chris Lawson to third
José Prieto to second
1-0: Ball
2-0: Ground out 6-3 (Groundball, 6, EV 81.3 MPH)
Bottom of the 4th over - 0 runs, 1 hit, 0 errors, 2 left on base; Montgomery 2 - Jackson 1
TOP OF THE 5TH
Montgomery Biscuits batting - Pitching for Jackson Generals : RHP Tim Cox
Batting: RHB Pete Davis 0-0: Called Strike
0-1: Ball
1-1: Ball
2-1: Fly out, F7 (Flyball, 7S, EV 87.5 MPH)
Batting: RHB Wes Sargent 0-0: Ball
1-0: Ball
2-0: Called Strike
2-1: Swinging Strike
2-2: Strikes out swinging
Batting: RHB Eric Hodges 0-0: Ball
1-0: Ball
2-0: Foul Ball, location: 2F
2-1: Ball
3-1: Base on Balls
Batting: LHB José Árias 0-0: Foul Ball, location: 25FF
0-1: Ball
1-1: Swinging Strike
1-2: SINGLE (Groundball, 4M, EV 103.8 MPH) (infield hit)
Eric Hodges to second
Batting: SHB António Cisneros 0-0: Ball
1-0: Ball
2-0: Swinging Strike
2-1: Called Strike
2-2: Fielders Choice at 2nd, 5-4 (Groundball, 56, EV 84.4 MPH)
Top of the 5th over - 0 runs, 1 hit, 0 errors, 2 left on base; Montgomery 2 - Jackson 1
BOTTOM OF THE 5TH
Jackson Generals batting - Pitching for Montgomery Biscuits : LHP Juan Cruz
Batting: RHB Raúl Hernández 0-0: Foul Ball, location: 2F
0-1: Ball
1-1: Called Strike
1-2: Ball
2-2: Ground out 3-1 (Groundball, 34, EV 105.0 MPH)
Batting: LHB Randy Parker 0-0: Ground out 4-3 (Groundball, 4, EV 78.8 MPH)
Batting: RHB Jeremy McCord 0-0: Called Strike
0-1: Swinging Strike
0-2: Strikes out swinging
Bottom of the 5th over - 0 runs, 0 hits, 0 errors, 0 left on base; Montgomery 2 - Jackson 1
TOP OF THE 6TH
Montgomery Biscuits batting - Pitching for Jackson Generals : RHP Tim Cox
Batting: LHB Dan Jones 0-0: Ball
1-0: Foul Ball, location: 3F
1-1: Ground out 5-3 (Groundball, 56, EV 86.9 MPH)
Batting: RHB Bob Lee 0-0: Called Strike
0-1: Ball
1-1: Ball
2-1: Ball
3-1: Foul Ball, location: 2F
3-2: Fly out, F5 (Popup, 5SF, EV 82.5 MPH)
Batting: RHB Mike Jordan 0-0: Ball
1-0: Ball
2-0: Ball
3-0: Called Strike
3-1: Ground out 4-3 (Groundball, 34D, EV 95.0 MPH)
Top of the 6th over - 0 runs, 0 hits, 0 errors, 0 left on base; Montgomery 2 - Jackson 1
BOTTOM OF THE 6TH
Jackson Generals batting - Pitching for Montgomery Biscuits : LHP Juan Cruz
Batting: SHB Juan Santos 0-0: Called Strike
0-1: Called Strike
0-2: Strikes out swinging
Batting: LHB Clancy Somerville 0-0: Foul Ball, location: 2F
0-1: Ball
1-1: Swinging Strike
1-2: Strikes out swinging
Batting: LHB Chris Lawson 0-0: Swinging Strike
0-1: Ball
1-1: Ball
2-1: Swinging Strike
2-2: Ground out 6-3 (Groundball, 56, EV 84.4 MPH)
Bottom of the 6th over - 0 runs, 0 hits, 0 errors, 0 left on base; Montgomery 2 - Jackson 1
TOP OF THE 7TH
Montgomery Biscuits batting - Pitching for Jackson Generals : RHP Tim Cox
Batting: RHB Doug Wilkinson 0-0: Ball
1-0: Called Strike
1-1: Ball
2-1: SINGLE (Groundball, 34D, EV 99.4 MPH)
Batting: RHB Pete Davis 0-0: Bunted foul
0-1: Sac Bunt to 3S - play at first, batter OUT! 3-1
Doug Wilkinson to second
Batting: RHB Wes Sargent 0-0: Ball
1-0: Foul Ball, location: 9LDF
1-1: Ground out 5-3 (Groundball, 56, EV 83.1 MPH)
Doug Wilkinson to third
Batting: RHB Eric Hodges 0-0: Ball
1-0: Ball
2-0: Ball
3-0: Called Strike
3-1: DOUBLE (Line Drive, 9LS, EV 92.5 MPH)
Doug Wilkinson scores
Pitching: RHP António Ruíz
Batting: LHB José Árias 0-0: Foul Ball, location: 2F
0-1: Ball
1-1: Called Strike
1-2: Foul Ball, location: 5FF
1-2: Ball
2-2: Ground out U3 (Groundball, 34, EV 90.0 MPH)
Top of the 7th over - 1 run, 2 hits, 0 errors, 1 left on base; Montgomery 3 - Jackson 1
BOTTOM OF THE 7TH
Jackson Generals batting - Pitching for Montgomery Biscuits : LHP Juan Cruz
Batting: RHB José Prieto 0-0: Called Strike
0-1: Called Strike
0-2: Ball
1-2: Ball
2-2: Ball
3-2: Strikes out swinging
Batting: RHB Dave Bailey 0-0: Ball
1-0: Called Strike
1-1: Swinging Strike
1-2: Ground out 5-3 (Groundball, 56S, EV 66.9 MPH)
Batting: SHB Walt Howell 0-0: SINGLE (Groundball, 4D, EV 106.3 MPH)
Pitching: LHP Juan Román
Batting: RHB Raúl Hernández 0-0: Called Strike
0-1: Ball
1-1: Ball
2-1: Fly out, F7 (Flyball, 7LD, EV 106.3 MPH)
Bottom of the 7th over - 0 runs, 1 hit, 0 errors, 1 left on base; Montgomery 3 - Jackson 1
TOP OF THE 8TH
Montgomery Biscuits batting - Pitching for Jackson Generals : RHP António Ruíz
Batting: SHB António Cisneros 0-0: Ball
1-0: Swinging Strike
1-1: Foul Ball, location: 3FF
1-2: Ball
2-2: Ball
3-2: Strikes out swinging
Batting: LHB Dan Jones 0-0: Ball
1-0: Foul Ball, location: 5F
1-1: Ball
2-1: Fly out, F5 (Line Drive, 56, EV 110.0 MPH)
Batting: RHB Bob Lee 0-0: Ball
1-0: Ball
2-0: Fly out, F9 (Flyball, 89S, EV 86.3 MPH)
Top of the 8th over - 0 runs, 0 hits, 0 errors, 0 left on base; Montgomery 3 - Jackson 1
BOTTOM OF THE 8TH
Jackson Generals batting - Pitching for Montgomery Biscuits : LHP Juan Román
Batting: LHB Randy Parker 0-0: Ball
1-0: Foul Ball, location: 2F
1-1: SINGLE (Groundball, 4MD, EV 109.4 MPH) (infield hit)
Batting: RHB Jeremy McCord 0-0: Ball
1-0: Ball
2-0: Ball
Balk!
Randy Parker to second
3-0: Called Strike
3-1: Swinging Strike
3-2: Strikes out looking
Batting: SHB Juan Santos 0-0: Foul Ball, location: 23F
0-1: Foul Ball, location: 7LSF
0-2: Ball
1-2: Strikes out swinging
Pinch Hitting: RHB Gill Salvador 0-0: Ball
1-0: Ground out 4-3 (Groundball, 4, EV 82.5 MPH)
Bottom of the 8th over - 0 runs, 1 hit, 0 errors, 1 left on base; Montgomery 3 - Jackson 1
TOP OF THE 9TH
Montgomery Biscuits batting - Pitching for Jackson Generals : RHP António Ruíz
Now in LF: César Hernández
Batting: LHB Dave Ware 0-0: Called Strike
0-1: Ball
1-1: Foul Ball, location: 23F
1-2: Ball
2-2: SOLO HOME RUN (Flyball, 7D, EV 91.9 MPH), Distance : 367 ft
Batting: RHB Doug Wilkinson 0-0: Ball
1-0: Foul Ball, location: 9LDF
1-1: Fly out, F7 (Flyball, 78S, EV 93.1 MPH)
Batting: RHB Pete Davis 0-0: Ball
1-0: Foul Ball, location: 9LMF
1-1: Swinging Strike
1-2: Foul Ball, location: 9LSF
1-2: Strikes out swinging
Batting: RHB Wes Sargent 0-0: Called Strike
0-1: Ball
1-1: Ball
2-1: Foul Ball, location: 3F
2-2: Foul Ball, location: 25F
2-2: Strikes out swinging
Top of the 9th over - 1 run, 1 hit, 0 errors, 0 left on base; Montgomery 4 - Jackson 1
BOTTOM OF THE 9TH
Jackson Generals batting - Pitching for Montgomery Biscuits : LHP Juan Román
Pitching: RHP José Tobías
Now in LF: Jed Jackson
Batting: LHB Chris Lawson 0-0: Swinging Strike
0-1: SINGLE (Line Drive, 78S, EV 90.6 MPH)
Pinch Hitting: LHB Héctor Espinoza 0-0: Ball
1-0: Foul Ball, location: 7LMF
1-1: Hit by Pitch
Chris Lawson to second
Batting: RHB Dave Bailey 0-0: Ball
1-0: Called Strike
1-1: Foul Ball, location: 2F
1-2: Foul Ball, location: 3F
1-2: Ball
2-2: Foul Ball, location: 9LSF
2-2: Grounds into double play, 6-4-3 (Groundball, 6, EV 102.5 MPH)
Chris Lawson to third
Batting: SHB Walt Howell 0-0: Called Strike
0-1: Foul Ball, location: 2F
0-2: Foul Ball, location: 2F
0-2: Foul Ball, location: 25F
0-2: Foul Ball, location: 2F
0-2: Ball
1-2: Foul Ball, location: 2F
1-2: Ball
2-2: Ball
Wild Pitch!
Chris Lawson scores
3-2: SINGLE (Line Drive, 7S, EV 100.0 MPH)
Batting: RHB Raúl Hernández 0-0: Ball
1-0: Fly out, F9 (Flyball, 89S, EV 79.4 MPH)
Bottom of the 9th over - 1 run, 2 hits, 0 errors, 1 left on base; Montgomery 4 - Jackson 2
Monday, April 1st , 2024 - OOTP Baseball 24.10 Build 82